AoeStats
← Pug Samurai

Yucatan

510944912Analyzed
2v2 RM · 9h ago on Oct 3, 2026· 16m 9s· 4 players
Game mode
Random Map
Map size
Medium (4 player)
Population
200
Speed
Normal
Resources
Standard
Victory
Conquest
Starting age
Dark Age
Ending age
Imperial Age
RankedLock teamsTeams togetherTeam positionsShared explorationLock speedFull tech treeHidden civsTurbo modeCheats
Victory
Defeat
🇭🇰 Franks · Hong Kong SAR China
863
+13
🇭🇰 Danes · Hong Kong SAR China
861
+14
🇦🇷 Huns · Argentina
827
-14
🇨🇳 Khmer · China
805
-24
mxmauchjob
Hiton
5:26 Loom
9:59 Feudal Age
13:06 Double-Bit Axe
15:32 Man-at-Arms
supersponge
3:37 Loom
11:10 Feudal Age
Pug Samurai
6:59 Loom
9:31 Feudal Age
9:59 Man-at-Arms
11:11 Double-Bit Axe
17:19 Castle Age
16:33 Fletching
Connection lost

Rejoining the realm…

Still unreachable

The connection could not be restored.

Session expired

The server has moved on; the page needs a fresh start.